BSA
BAFFIN ISLAND BEAVERS @ ORLANDO CALRISSIAN
03/14/2028
 
TOP OF THE 1ST
Baffin Island Beavers batting - Pitching for Orlando Calrissian : RHP Albert Colwill
Pitching: RHP Albert Colwill
Batting: LHB José Rodríguez 0-0: Ball
1-0: Ball
2-0: Ball
3-0: Called Strike
3-1: Base on Balls
Batting: LHB Norberto Muñóz 0-0: Ball
1-0: Called Strike
1-1: Foul Ball, location: 2F
1-2: Foul Ball, location: 2F
1-2: Foul Ball, location: 2F
1-2: Ball
2-2: Ball
3-2: Foul Ball, location: 2F
3-2: Base on Balls
José Rodríguez to second
Batting: LHB Robert Phillips 0-0: Foul Ball, location: 2F
0-1: Ball
1-1: Called Strike
1-2: Grounds into double play, 1-6-3 (Groundball, 13S)
José Rodríguez to third
Batting: RHB Dave Craig 0-0: Called Strike
0-1: Called Strike
0-2: Ground out 6-3 (Groundball, 6)
Top of the 1st over - 0 run(s), 0 hit(s), 0 error(s), 1 left on base; Baffin Island 0 - Orlando 0
BOTTOM OF THE 1ST
Orlando Calrissian batting - Pitching for Baffin Island Beavers : RHP Jesse Little
Pitching: RHP Jesse Little
Batting: RHB José Pérez 0-0: Ball
1-0: Called Strike
1-1: Swinging Strike
1-2: Strikes out swinging
Batting: LHB Santiago Márquez 0-0: Ball
1-0: Swinging Strike
1-1: Ball
2-1: Ball
3-1: Swinging Strike
3-2: Strikes out swinging
Batting: RHB Rich Anderson 0-0: Ground out 3-1 (Groundball, 34)
Bottom of the 1st over - 0 run(s), 0 hit(s), 0 error(s), 0 left on base; Baffin Island 0 - Orlando 0
TOP OF THE 2ND
Baffin Island Beavers batting - Pitching for Orlando Calrissian : RHP Albert Colwill
Batting: LHB Lorenzo Villa 0-0: Foul Ball, location: 2F
0-1: Ground out 4-3 (Groundball, 4)
Batting: SHB Alonso Ferreira 0-0: Fly out, F7 (Flyball, 7S)
Batting: RHB José Aguilera 0-0: Ground out 5-3 (Groundball, 56)
Top of the 2nd over - 0 run(s), 0 hit(s), 0 error(s), 0 left on base; Baffin Island 0 - Orlando 0
BOTTOM OF THE 2ND
Orlando Calrissian batting - Pitching for Baffin Island Beavers : RHP Jesse Little
Batting: RHB Raúl Canó 0-0: Fly out, F8 (Flyball, 8RXD)
Batting: RHB Augusto Padilla 0-0: Foul Ball, location: 2F
0-1: Fly out, F9 (Line Drive, 9)
Batting: RHB Frederico Hernández 0-0: Ball
1-0: Ball
2-0: Ball
3-0: Base on Balls
Batting: RHB Júlio Negrón 0-0: Ball
1-0: Called Strike
1-1: Foul Ball, location: 2F
1-2: Strikes out looking
Bottom of the 2nd over - 0 run(s), 0 hit(s), 0 error(s), 1 left on base; Baffin Island 0 - Orlando 0
TOP OF THE 3RD
Baffin Island Beavers batting - Pitching for Orlando Calrissian : RHP Albert Colwill
Batting: LHB Mike MacFadden 0-0: Ball
1-0: Ball
2-0: Called Strike
2-1: Ball
3-1: Base on Balls
Batting: LHB Howard Evans 0-0: Ball
1-0: 2-RUN HOME RUN (Flyball, 8RXD), Distance : 434 ft
Batting: LHB José Rodríguez 0-0: Ball
1-0: Fly out, F7 (Flyball, 7LS)
Batting: LHB Norberto Muñóz 0-0: Ball
1-0: Called Strike
1-1: Ball
2-1: Fly out, F7 (Flyball, 7LM)
Batting: LHB Robert Phillips 0-0: Called Strike
0-1: Ball
1-1: Foul Ball, location: 2F
1-2: SINGLE (Line Drive, 4)
Batting: RHB Dave Craig 0-0: Ball
1-0: Ball
2-0: Swinging Strike
2-1: Ball
3-1: Called Strike
3-2: Base on Balls
Robert Phillips to second
Batting: LHB Lorenzo Villa 0-0: Ball
1-0: Ball
2-0: Called Strike
2-1: Fly out, F7 (Flyball, 78S)
Top of the 3rd over - 2 run(s), 2 hit(s), 0 error(s), 2 left on base; Baffin Island 2 - Orlando 0
BOTTOM OF THE 3RD
Orlando Calrissian batting - Pitching for Baffin Island Beavers : RHP Jesse Little
Batting: SHB Brian Price 0-0: Ball
1-0: SINGLE (Groundball, 4MD)
Batting: RHB Gabriel Ángel 0-0: Swinging Strike
0-1: Swinging Strike
0-2: Strikes out swinging
Batting: RHB José Pérez 0-0: Ball
1-0: Ball
2-0: Ball
3-0: Base on Balls
Brian Price to second
Batting: LHB Santiago Márquez 0-0: Swinging Strike
0-1: Called Strike
0-2: Ball
1-2: Strikes out swinging
Batting: RHB Rich Anderson 0-0: Called Strike
0-1: Swinging Strike
0-2: SINGLE (Groundball, 56D)
Brian Price to third
José Pérez to second
Batting: RHB Raúl Canó 0-0: DOUBLE (Flyball, 89D)
Brian Price scores
José Pérez scores
Rich Anderson to third
Runner from 3rd tries for Home, SAFE, no throw
Batting: RHB Augusto Padilla 0-0: Swinging Strike
0-1: Called Strike
0-2: Strikes out looking
Bottom of the 3rd over - 3 run(s), 3 hit(s), 0 error(s), 1 left on base; Baffin Island 2 - Orlando 3
TOP OF THE 4TH
Baffin Island Beavers batting - Pitching for Orlando Calrissian : RHP Albert Colwill
Batting: SHB Alonso Ferreira 0-0: Called Strike
0-1: Ball
1-1: Ground out 6-3 (Groundball, 6)
Batting: RHB José Aguilera 0-0: Ball
1-0: Ball
2-0: Called Strike
2-1: Foul Ball, location: 2F
2-2: Ball
3-2: Foul Ball, location: 2F
3-2: Base on Balls
Batting: LHB Mike MacFadden 0-0: Ball
1-0: Foul Ball, location: 2F
1-1: Ball
2-1: Ball
3-1: Foul Ball, location: 2F
3-2: Base on Balls
José Aguilera to second
Batting: LHB Howard Evans 0-0: Ball
1-0: Called Strike
1-1: Swinging Strike
1-2: Strikes out swinging
Batting: LHB José Rodríguez 0-0: Ball
1-0: Called Strike
1-1: Swinging Strike
1-2: Strikes out swinging
Top of the 4th over - 0 run(s), 0 hit(s), 0 error(s), 2 left on base; Baffin Island 2 - Orlando 3
BOTTOM OF THE 4TH
Orlando Calrissian batting - Pitching for Baffin Island Beavers : RHP Jesse Little
Batting: RHB Frederico Hernández 0-0: Called Strike
0-1: Foul Ball, location: 2F
0-2: Ball
1-2: SINGLE (Line Drive, 56)
Batting: RHB Júlio Negrón 0-0: Foul Ball, location: 2F
0-1: Foul Ball, location: 2F
0-2: Ball
1-2: Ball
2-2: Strikes out swinging
Batting: SHB Brian Price 0-0: Fly out, F6 (Popup, 6MD)
Batting: RHB Gabriel Ángel 0-0: Ball
1-0: Called Strike
1-1: Ball
2-1: Ball
3-1: Foul Ball, location: 2F
3-2: SINGLE (Groundball, 6MD)
Frederico Hernández to second
Frederico Hernández to third
Batting: RHB José Pérez 0-0: DOUBLE (Line Drive, 9LM)
Frederico Hernández scores
Gabriel Ángel to third
Batting: LHB Santiago Márquez 0-0: Ball
1-0: Foul Ball, location: 2F
1-1: Foul Ball, location: 2F
1-2: SINGLE (Flyball, 9LS)
Gabriel Ángel scores
José Pérez to third
Runner from 3rd tries for Home, SAFE, no throw
Batting: RHB Rich Anderson 0-0: Foul Ball, location: 2F
0-1: SINGLE (Groundball, 6D)
Santiago Márquez to second
Batting: RHB Raúl Canó 0-0: Called Strike
0-1: Fly out, F7 (Line Drive, 7)
Bottom of the 4th over - 3 run(s), 5 hit(s), 0 error(s), 2 left on base; Baffin Island 2 - Orlando 6
TOP OF THE 5TH
Baffin Island Beavers batting - Pitching for Orlando Calrissian : RHP Albert Colwill
Pitching: RHP Joe Hopkins
Batting: LHB Norberto Muñóz 0-0: Ball
1-0: Ball
2-0: Foul Ball, location: 2F
2-1: Ball
3-1: Foul Ball, location: 2F
3-2: Base on Balls
Batting: LHB Robert Phillips 0-0: Ball
1-0: Ball
Norberto Muñóz is caught stealing 2nd base
2-0: Ball
3-0: Base on Balls
Batting: RHB Dave Craig 0-0: Swinging Strike
0-1: Ball
1-1: Ball
2-1: Foul Ball, location: 2F
2-2: Strikes out swinging
Batting: LHB Lorenzo Villa 0-0: Foul Ball, location: 2F
0-1: Called Strike
0-2: 2-RUN HOME RUN (Flyball, 89D), Distance : 429 ft
Batting: SHB Alonso Ferreira 0-0: Ball
1-0: Called Strike
1-1: Ball
2-1: Ground out 4-3 (Groundball, 34)
Top of the 5th over - 2 run(s), 1 hit(s), 0 error(s), 0 left on base; Baffin Island 4 - Orlando 6
BOTTOM OF THE 5TH
Orlando Calrissian batting - Pitching for Baffin Island Beavers : RHP Jesse Little
Pitching: RHP John Dickson
Batting: RHB Augusto Padilla 0-0: Ball
1-0: Foul Ball, location: 2F
1-1: Ball
2-1: Swinging Strike
2-2: Ball
3-2: Foul Ball, location: 2F
3-2: Base on Balls
Batting: RHB Frederico Hernández 0-0: Ball
1-0: Called Strike
1-1: Ball
2-1: Called Strike
2-2: Ball
3-2: Fielders Choice at 2nd, 1-4 (Groundball, 15S)
Batting: RHB Júlio Negrón 0-0: Called Strike
0-1: Reached on error, E5 (Groundball, 56S)
Frederico Hernández to third
Batting: SHB Brian Price 0-0: Ball
1-0: Called Strike
1-1: Foul Ball, location: 2F
1-2: Ball
2-2: Foul Ball, location: 2F
2-2: Ball
3-2: SINGLE (Groundball, 56D)
Frederico Hernández scores
Júlio Negrón to third
Runner from 3rd tries for Home, SAFE, throw made home
Batting: RHB Gabriel Ángel 0-0: Ball
1-0: Ball
2-0: Foul Ball, location: 2F
2-1: Called Strike
2-2: Ball
3-2: Foul Ball, location: 2F
3-2: DOUBLE (Flyball, 9LM)
Brian Price to third
Runner from 3rd tries for Home, SAFE, throw made at trailing runner, SAFE at third!
Pinch Hitting: LHB Juan Colón 0-0: SINGLE (Flyball, 6MD)
Gabriel Ángel scores
Pitching: RHP Nathan Walters
Batting: LHB Danny Allen 0-0: Ball
1-0: DOUBLE (Line Drive, 9LS)
Juan Colón to third
Runner from 3rd tries for Home, SAFE, throw made at trailing runner, SAFE at third!
Batting: RHB Rich Anderson 0-0: Ball
1-0: Ball
2-0: Ground out 4-3 (Groundball, 4)
Danny Allen scores
Pinch Hitting: LHB Juan Jose Pineda 0-0: Ball
1-0: Ball
2-0: Called Strike
2-1: Swinging Strike
2-2: Foul Ball, location: 2F
2-2: Ground out 3-1 (Groundball, 34)
Bottom of the 5th over - 6 run(s), 4 hit(s), 1 error(s), 0 left on base; Baffin Island 4 - Orlando 12
TOP OF THE 6TH
Baffin Island Beavers batting - Pitching for Orlando Calrissian : RHP Joe Hopkins
Now in LF: Juan Jose Pineda
Now in CF: Jaime Contreras
Batting: RHB José Aguilera 0-0: Called Strike
0-1: Swinging Strike
0-2: SINGLE (Line Drive, 6D)
Batting: LHB Mike MacFadden 0-0: Called Strike
0-1: Foul Ball, location: 2F
0-2: SINGLE (Line Drive, 7S)
José Aguilera to second
Batting: LHB Howard Evans 0-0: Ball
1-0: Fly out, F7 (Flyball, 7S)
Pinch Hitting: LHB Keng-chi Lao 0-0: Ball
1-0: Ball
2-0: Ball
3-0: Base on Balls
José Aguilera to third
Mike MacFadden to second
Pinch Hitting: SHB Ron Edwards 0-0: Foul Ball, location: 2F
0-1: SINGLE (Line Drive, 56D)
José Aguilera scores
Mike MacFadden to third
Keng-chi Lao to second
Pitching: LHP José Ramírez
Batting: RHB Raúl Soto 0-0: Called Strike
0-1: Swinging Strike
0-2: Foul Ball, location: 2F
0-2: Fly out, F9 (Flyball, 9S)
Pinch Hitting: RHB Ángelo García 0-0: Ball
1-0: Foul Ball, location: 2F
1-1: Fly out, F4 (Popup, 3D)
Top of the 6th over - 1 run(s), 3 hit(s), 0 error(s), 3 left on base; Baffin Island 5 - Orlando 12
BOTTOM OF THE 6TH
Orlando Calrissian batting - Pitching for Baffin Island Beavers : RHP Nathan Walters
Now at SS: Ángelo García
Now in LF: T.J. Richardson
Now in RF: Jeffrey Barker
Pinch Hitting: LHB Craig Kenney 0-0: Foul Ball, location: 2F
0-1: Called Strike
0-2: Fly out, F6 (Popup, 6MS)
Pinch Hitting: SHB Jaime Montés 0-0: Ball
1-0: Called Strike
1-1: Ball
2-1: Foul Ball, location: 2F
2-2: Strikes out swinging
Pinch Hitting: RHB John Moore 0-0: Ball
1-0: Ball
2-0: Foul Ball, location: 2F
2-1: Fly out, F8 (Flyball, 8LM)
Bottom of the 6th over - 0 run(s), 0 hit(s), 0 error(s), 0 left on base; Baffin Island 5 - Orlando 12
TOP OF THE 7TH
Baffin Island Beavers batting - Pitching for Orlando Calrissian : LHP José Ramírez
Now at 2B: Jaime Montés
Now at SS: John Moore
Now in LF: Craig Kenney
Pinch Hitting: RHB Tomás Díaz 0-0: Ball
1-0: Swinging Strike
1-1: Foul Ball, location: 2F
1-2: Ball
2-2: Strikes out swinging
Pinch Hitting: RHB Jason Ward 0-0: Called Strike
0-1: Swinging Strike
0-2: Ball
1-2: Strikes out looking
Pinch Hitting: SHB Garrett Waller 0-0: Called Strike
0-1: Foul Ball, location: 2F
0-2: Ball
1-2: Fly out, F7 (Flyball, 78M)
Top of the 7th over - 0 run(s), 0 hit(s), 0 error(s), 0 left on base; Baffin Island 5 - Orlando 12
BOTTOM OF THE 7TH
Orlando Calrissian batting - Pitching for Baffin Island Beavers : RHP Nathan Walters
Now at 2B: Tomás Díaz
Now in LF: Garrett Waller
Now in CF: Jason Ward
Pinch Hitting: RHB Robby Lewis 0-0: Ball
1-0: Fly out, F9 (Flyball, 9S)
Pinch Hitting: SHB Jason Mason 0-0: Ball
1-0: Called Strike
1-1: Foul Ball, location: 2F
1-2: Foul Ball, location: 2F
1-2: Foul Ball, location: 2F
1-2: Foul Ball, location: 2F
1-2: Fly out, F8 (Flyball, 8RM)
Batting: RHB Jaime Contreras 0-0: Ball
1-0: Fly out, F9 (Flyball, 9LSF)
Bottom of the 7th over - 0 run(s), 0 hit(s), 0 error(s), 0 left on base; Baffin Island 5 - Orlando 12
TOP OF THE 8TH
Baffin Island Beavers batting - Pitching for Orlando Calrissian : LHP José Ramírez
Now at 3B: Robby Lewis
Now at SS: Jason Mason
Batting: LHB Mike MacFadden 0-0: Fly out, F8 (Flyball, 8RD)
Pinch Hitting: RHB Pedro Molina 0-0: Ball
1-0: Swinging Strike
1-1: Fly out, F5 (Line Drive, 5F)
Batting: LHB T.J. Richardson 0-0: Foul Ball, location: 2F
0-1: Called Strike
0-2: Strikes out looking
Top of the 8th over - 0 run(s), 0 hit(s), 0 error(s), 0 left on base; Baffin Island 5 - Orlando 12
BOTTOM OF THE 8TH
Orlando Calrissian batting - Pitching for Baffin Island Beavers : RHP Nathan Walters
Now at 3B: Emílio Calvillo
Batting: LHB Danny Allen 0-0: Ground out U3 (Groundball, 3)
Pitching: LHP Edgardo Guzmán
Batting: RHB Rich Anderson 0-0: Ball
1-0: Ball
2-0: Foul Ball, location: 2F
2-1: Ball
3-1: Base on Balls
Batting: LHB Juan Jose Pineda 0-0: Called Strike
0-1: SINGLE (Line Drive, 8LS)
Rich Anderson to second
Batting: LHB Craig Kenney 0-0: Called Strike
0-1: Ball
1-1: Ball
2-1: Called Strike
2-2: Foul Ball, location: 2F
2-2: Fly out, F7 (Flyball, 7LS)
Pinch Hitting: RHB Albert Chávez 0-0: Ball
1-0: Fly out, F9 (Flyball, 9LS)
Bottom of the 8th over - 0 run(s), 1 hit(s), 0 error(s), 2 left on base; Baffin Island 5 - Orlando 12
TOP OF THE 9TH
Baffin Island Beavers batting - Pitching for Orlando Calrissian : LHP José Ramírez
Now at 1B: Albert Chávez
Batting: RHB Jeffrey Barker 0-0: Fly out, F6 (Line Drive, 6)
Batting: RHB Raúl Soto 0-0: Called Strike
0-1: SINGLE (Groundball, 6MD)
Pinch Hitting: RHB Murdoch Norton 0-0: Ball
1-0: SINGLE (Groundball, 5D)
Raúl Soto to second
Pinch Hitting: RHB Jason Cook 0-0: Swinging Strike
0-1: Called Strike
0-2: Ball
1-2: Ball
2-2: Foul Ball, location: 2F
2-2: Ball
3-2: Strikes out looking
Batting: RHB Jason Ward 0-0: Called Strike
0-1: Foul Ball, location: 2F
0-2: Foul Ball, location: 2F
0-2: Strikes out swinging
Top of the 9th over - 0 run(s), 2 hit(s), 0 error(s), 2 left on base; Baffin Island 5 - Orlando 12
Tuesday, August 8th, 2017 - OOTP Baseball 17.12 Build 75